details: 'abcd'

« prev index next »

General information

Mini Map

Players

team 1
NightElfLW-Stupidus (blue | 88 APM | 1985 actions | 22:28)
Hero icon 4 Demon Hunter
Ability icon 2 Mana Burn
Ability icon 2 Evasion
Hero icon 3 Beastmaster
Ability icon 2 Summon Quilbeast
Ability icon 1 Summon Hawk
Hero icon 3 Goblin Tinker
Ability icon 2 Pocket Factory
Ability icon 1 Engineering Upgrade

» actions
Assign group hotkey69
Basic commands87
Build / train53
ESC pressed1
Enter build submenu17
Enter hero's abilities submenu10
Give item / drop item1
Remove unit from queue1
Right click1123
Select / deselect360
Select group hotkey126
Use ability137
1985 total
» units
Wisp10
Archer1
Druid of the Talon15
26 total
» upgrades
Druid of the Talon Training2
2 total
» buildings
Altar of Elders1
Moon Well5
Ancient of War1
Tree of Ages1
Ancient of Wonders2
Ancient of Wind3
Tree of Eternity1
Tree of Life1
Chimaera Roost2
17 total
» build order
00:08 Altar of Elders
00:16 Moon Well
00:40 Ancient of War
01:36 Moon Well
02:35 Tree of Ages
03:11 Moon Well
04:54 Ancient of Wonders
05:02 Ancient of Wind
05:05 Ancient of Wind
05:10 Tree of Eternity
07:05 Ancient of Wind
07:13 Moon Well
07:16 Ancient of Wonders
13:18 Moon Well
18:04 Tree of Life
20:56 Chimaera Roost
20:59 Chimaera Roost
» items
Boots of Speed1
Staff of Teleportation1
Staff of Preservation1
Scroll of Town Portal1
Potion of Healing1
5 total
team 2
OrcDoMiNaTo[R] (red | 74 APM | 1659 actions | 22:27)
Hero icon 5 Blademaster
Ability icon 2 Wind Walk
Ability icon 3 Critical Strike
Hero icon 3 Shadow Hunter
Ability icon 2 Hex
Ability icon 1 Healing Wave

» actions
Assign group hotkey76
Basic commands5
Build / train76
Enter build submenu14
Enter hero's abilities submenu8
Give item / drop item4
Remove unit from queue3
Right click510
Select / deselect421
Select group hotkey420
Use ability122
1659 total
» units
Peon7
Grunt15
Spirit Walker11
Raider8
41 total
» upgrades
Pillage1
Berserker Strength1
Spirit Walker Training1
Ensnare1
4 total
» buildings
Altar of Storms1
Orc Burrow7
Barracks1
Voodoo Lounge1
Stronghold1
Spirit Lodge1
Beastiary1
Fortress1
14 total
» build order
00:08 Altar of Storms
00:21 Orc Burrow
00:36 Barracks
01:32 Orc Burrow
01:59 Voodoo Lounge
03:11 Stronghold
03:31 Orc Burrow
05:09 Orc Burrow
07:07 Spirit Lodge
08:06 Beastiary
08:09 Orc Burrow
09:50 Orc Burrow
09:53 Orc Burrow
13:21 Fortress
» items
Healing Salve3
Scroll of Speed3
Lesser Clarity Potion4
Scroll of Healing2
Potion of Lesser Invulnerability1
Scroll of Protection1
Potion of Healing2
Scroll of Town Portal1
17 total